Map: Ruins of Endion

Players

KraKen

  • Race: Zerg Zerg
  • League: Master

Miszu - Winner!

  • Race: Terran Terran
  • League: Master

VOD

Have the link to the VOD?

Description

Time

  • Played on: June 27, 2016, 8:55 a.m.
  • Length: 9:01
Show
View Real Time Build Order
Export as new Build Order

KraKen Zerg 

Build Orders: Hatch First 

Get SALT Encoding   

  12  0:00  Drone  
  13  0:08  Drone  
  14  0:17  Overlord  
  14  0:28  Extractor, Drone  
  15  0:36  Drone x2  
  17  0:52  Hatchery  
  17  0:55  Drone  
  17  0:59  Extractor  
  17  1:00  Drone  
  17  1:15  Spawning Pool  
  17  1:16  Drone  
  17  1:20  Drone  
  18  1:27  Drone  
  19  1:37  Overlord  
  19  2:02  Zergling x4  
  19  2:04  Metabolic Boost, Queen  
  19  2:05  Queen  
  19  2:08  Drone  
  26  2:10  Drone  
  27  2:16  Drone  
  27  2:21  Drone  
  28  2:31  Drone x2  
  30  2:39  Overlord  
  30  2:40  Pneumatized Carapace  
  30  2:44  Drone  
  30  2:48  Queen  
  33  2:53  Drone  
  34  2:59  Evolution Chamber  
  34  3:01  Overlord  
  34  3:04  Drone x2  
  35  3:09  Spore Crawler  
  35  3:11  Drone  
  36  3:18  Zergling x8  
  40  3:32  Zergling x2  
  40  3:33  Zergling x6  
  40  3:34  Zergling x2  
  45  3:38  Zergling x2  
  46  3:47  Zergling x2  
  46  3:48  Zergling x8  
  51  3:49  Zergling x2  
  51  3:55  Overlord  
  52  4:06  Zerg Melee Weapons Level 1  
  52  4:11  Overlord  
  52  4:13  Zergling x8  
  52  4:15  Zergling x6  
  56  4:24  Zergling x2  
  56  4:25  Zergling x2  
  58  4:37  Zergling x4  
  57  4:51  Zergling x4  
  48  5:04  Zergling x4  
  50  5:08  Overlord x2  
  50  5:25  Zergling x4  
  50  5:26  Queen x2  
  56  5:37  Baneling Nest  
  56  5:38  Drone x3  
  56  5:41  Hatchery  
  57  6:01  Drone x5  
  62  6:07  Queen x2  
  66  6:15  Zergling x4  
  68  6:21  Extractor x2  
  68  6:22  Baneling  
  68  6:23  Baneling x5  
  68  6:25  Zergling x4  
  68  6:32  Overlord  
  68  6:36  Baneling x2  
  67  6:47  Queen  
  67  6:48  Overlord x2  
  67  6:49  Queen  
  66  7:13  Spore Crawler  
  65  7:16  Drone x3  
  59  7:36  Zergling x16  
  59  7:37  Zergling x4  
  65  7:41  Baneling  
  65  7:42  Baneling x5  
  63  7:56  Spore Crawler x2  
  54  8:07  Drone x6  
  54  8:08  Drone x2  
  57  8:14  Baneling x3  
  57  8:19  Zergling x4  
  59  8:20  Zergling x2  
  59  8:26  Spore Crawler  
Show
View Real Time Build Order
Export as new Build Order

Miszu Terran - Winner!

Build Orders: Reaper Expand, MMM Bio 

Get SALT Encoding   

  12  0:00  SCV  
  13  0:12  SCV  
  14  0:18  Supply Depot  
  14  0:25  SCV  
  15  0:39  SCV  
  15  0:40  Barracks  
  16  0:44  Refinery  
  16  0:51  SCV  
  17  1:03  SCV  
  18  1:15  SCV  
  19  1:28  Orbital Command  
  19  1:29  Reaper  
  20  1:41  Command Center  
  20  1:50  Supply Depot  
  20  1:54  SCV  
  21  2:04  Refinery  
  21  2:06  SCV  
  21  2:07  Barracks Reactor  
  22  2:18  SCV  
  22  2:22  Factory  
  23  2:31  SCV  
  24  2:44  Marine  
  24  2:45  Marine, SCV  
  27  2:54  Orbital Command  
  27  2:57  SCV  
  28  3:02  Marine x2  
  30  3:12  Starport  
  30  3:13  SCV, Factory Reactor  
  32  3:20  Supply Depot, SCV  
  32  3:21  Marine  
  32  3:22  Marine  
  32  3:25  SCV  
  34  3:32  SCV  
  35  3:38  SCV  
  35  3:39  Marine x2  
  38  3:44  SCV  
  38  3:47  Supply Depot  
  39  3:50  SCV  
  40  3:56  SCV  
  40  3:57  Medivac x2, Widow Mine  
  40  3:58  Marine x2  
  40  4:02  SCV  
  50  4:08  SCV  
  50  4:09  Supply Depot  
  51  4:14  SCV  
  51  4:16  Liberator  
  52  4:20  SCV  
  53  4:24  Marine x2  
  53  4:26  SCV  
  56  4:32  Supply Depot, SCV  
  56  4:38  SCV  
  64  4:42  Marine x2  
  59  4:54  Liberator  
  57  5:08  SCV x2  
  59  5:19  Marine  
  59  5:20  Marine, SCV x2  
  63  5:27  Command Center  
  63  5:30  Supply Depot  
  63  5:32  SCV x2  
  63  5:33  Widow Mine  
  67  5:37  Marine  
  67  5:42  Barracks  
  68  5:43  Barracks  
  68  5:44  SCV x2  
  68  5:45  Refinery  
  68  5:46  Refinery  
  68  5:47  Supply Depot, Marine  
  71  5:55  Marine  
  71  5:56  SCV  
  73  5:58  SCV  
  73  6:02  Engineering Bay, Widow Mine  
  73  6:03  Engineering Bay  
  76  6:08  SCV  
  77  6:18  Marine x2  
  79  6:19  Starport Reactor  
  79  6:20  SCV x2  
  81  6:30  Terran Infantry Weapons Level 1, Terran Infantry Armor Level 1, Barracks  
  81  6:31  Barracks Tech Lab x2  
  81  6:32  Barracks  
  81  6:34  Factory Tech Lab  
  81  6:35  SCV x2  
  83  6:40  Orbital Command  
  83  6:47  SCV  
  83  6:49  Marine  
  83  6:50  Marine x2  
  83  6:51  Stimpack, Combat Shields  
  83  6:52  Marine  
  88  7:07  Marine x2  
  88  7:08  Marine, Medivac x2  
  93  7:09  Marine  
  93  7:15  SCV  
  96  7:25  Marine x3  
  96  7:27  Marine  
  96  7:29  Supply Depot  
  87  7:42  Marine  
  87  7:43  Marine x4  
  90  7:44  Siege Tank  
  90  7:45  Marine  
  94  7:52  Medivac x2  
  98  7:59  Barracks x2  
  98  8:00  Marine x2  
  98  8:01  Marine x3, Barracks  
  102  8:06  Supply Depot  
  102  8:07  Supply Depot x2  
  102  8:10  Supply Depot x2  
  99  8:27  Marine, SCV  
  99  8:28  Marine x5, Medivac x2, SCV  
  99  8:29  Siege Tank  
Tags
 
Add a new tag
Caveats
  • Supply blocks, unpowered buildings, or Contaminate may cause inaccurate times.
  • Supply counts are checked every 10 seconds.